 Dungeon Crawl Stone Soup version 0.31-a0-536-ga3e2962e35 (webtiles) character file.

Game seed: 15864661292659654441

1033 CrazyBamboolord the Magician (level 8, 0/52 HPs)
             Began as a Djinni Conjurer on Aug 13, 2023.
             Slain by an orc wizard
             ... wielding a +0 dagger
              (1 damage)
             ... on level 5 of the Dungeon.
             The game lasted 00:09:52 (4350 turns).

CrazyBamboolord the Magician (Djinni Conjurer)      Turns: 4350, Time: 00:09:53

Health: 0/52       AC:  3    Str:  6    XL:     8   Next: 48%
Gold:   247        EV: 13    Int: 21    God:
                   SH:  0    Dex: 13

rFire   + + .        d - +3 long sword (heavy)
rCold   x . .        (no shield)
rNeg    . . .        a - +0 robe
rPois   ∞            (no helmet)
rElec   .            (no cloak)
rCorr   .            b - +0 pair of gloves
SInv    .            (boots unavailable)
Will    .....        (no amulet)
Stlth   +++          (no ring)
HPRegen 0.28/turn    (no ring)
MPRegen 0.00/turn

%: infuse magic (-1 HP)
@: marked, flying
A: sickness immunity, fire resistance 2, cold vulnerability 1, float, innate
caster, HP casting, extra vitality 1
a: no special abilities


You were on level 5 of the Dungeon.
You visited 1 branch of the dungeon, and saw 5 of its levels.

You collected 247 gold pieces.

Inventory:

Hand Weapons
 d - a +3 heavy long sword (weapon)
Armour
 a - a +0 robe (worn)
 b - a +0 pair of gloves (worn)
Wands
 r - a wand of polymorph (7)
Scrolls
 e - a scroll of teleportation {unknown}
 f - 2 scrolls of fog {unknown}
 g - 3 scrolls of poison {unknown}
 h - 4 scrolls of noise
 j - a scroll of revelation {unknown}
 p - 2 scrolls of identify
Potions
 c - 2 potions of haste
 i - a potion of resistance {unknown}
 k - a potion of ambrosia {unknown}
 l - 3 potions of attraction
 m - a potion of magic {unknown}
 n - a potion of lignification {unknown}
 o - 6 potions of curing {unknown}
 q - a potion of brilliance {unknown}


   Skills:
 + Level 1.1 Fighting
 + Level 3.6 Dodging
 + Level 4.5 Stealth
 * Level 6.5 Spellcasting
 * Level 6.5 Conjurations
 * Level 6.5 Hexes
 * Level 6.5 Summonings
 * Level 6.5 Necromancy
 * Level 6.5 Translocations
 * Level 6.5 Transmutations
 * Level 6.5 Fire Magic
 * Level 6.5 Ice Magic
 * Level 6.5 Air Magic
 * Level 6.5 Earth Magic
 * Level 6.5 Poison Magic


You knew the following spells:

 Your Spells              Type           Power      Damage    Failure   Level
a - Magic Dart            Conj           100%       1d8       1%          1
b - Searing Ray           Conj           68%        2d6       1%          2
c - Dazzling Flash        Conj/Hex       68%        N/A       1%          3
d - Fulminant Prism       Conj/Hex       17%        3d10      6%          4
e - Iskenderun's Mystic   Conj/Tloc      34%        2d8       6%          4
f - Freeze                Ice            100%       1d10      1%          1
g - Ensorcelled Hibernat  Hex/Ice        68%        N/A       1%          2
h - Volatile Blastmotes   Fire/Tloc      68%        2d15      1%          3
Your spell library was empty.

Dungeon Overview and Level Annotations

Branches:
Dungeon (5/15)
 Temple: D:4-7

Altars:
Elyvilon
Zin
The Shining One


Innate Abilities, Weirdness & Mutations

You are immune to sickness and miasma.
You are immune to poison.
Your flesh is very heat resistant. (rF++)
You are vulnerable to cold. (rC-)
You float through the air rather than walking.
You learn spells naturally, not from books.
Your magical power is your life essence.
You have superior vitality. (+4 MHP)


Message History

A cloud of volatile blastmotes flares up around you!
The black bear bites you! The black bear barely misses you.
The black bear closely misses you.
An orc wizard comes into view. It is wielding a +0 dagger.
The black bear attacks as you move away!
The black bear barely misses you. The black bear claws you.
The black bear misses you.
The cloud of blastmotes explodes!
The concussive blast engulfs the black bear!
The black bear is heavily wounded.
The concussive blast engulfs you. You resist.
You are knocked back by the blast.
Casting: Volatile Blastmotes (safe; 1% risk of failure)
Confirm with . or Enter, or press ? or * to list all spells.
Aiming: Searing Ray (safe; 1% risk of failure)
Press: ? - help, Shift-Dir - straight line, f - black bear
Aim: a black bear (heavily wounded, 86% to hit)
Okay, then.
Casting: Searing Ray (safe; 1% risk of failure)
Confirm with . or Enter, or press ? or * to list all spells.
A cloud of volatile blastmotes flares up around you!
* * * LOW HITPOINT WARNING * * *
The cloud of blastmotes explodes!
The concussive blast engulfs the black bear!
You kill the black bear!
The concussive blast engulfs you. You resist.
* * * LOW HITPOINT WARNING * * *
You are knocked back by the blast.
Your Fighting skill increases to level 1!
You hear some strange, mumbled words.
Something tries to affect you, but you resist.
There is an open door here.
Casting: Volatile Blastmotes (safe; 1% risk of failure)
Confirm with . or Enter, or press ? or * to list all spells.
A cloud of volatile blastmotes flares up around you!
* * * LOW HITPOINT WARNING * * *
The cloud of blastmotes explodes!
The concussive blast engulfs something.
The concussive blast engulfs you. You resist.
* * * LOW HITPOINT WARNING * * *
Something hits you.
You die...

########### +...'.....##
###...#####..####
#.......#.+.....#
#+#...#+#.#####.#
#...#.....#.#.#
##'##.....+.#.#
#...#.....#...# ...#
#+#...#'#.#####@# #...
#.......#.'...'.# #..#
####...#####..)### #..##
.#.+...+.#....h..# #... .#
+#.#####.#'#...#'###..# ....
.....#.....#...#o..#.>#.#.#.
.....+.....##+####.#!.o...!.
.....#.....# #...##.#.#.
'#.#####.#+# #.### ...


You could see a hound.

Vanquished Creatures
  A black bear (D:5)
  An ice beast (D:5)
  3 ogres
  5 scorpions
  A howler monkey (D:4)
  A hound (D:4)
  An orc priest (D:5)
  A statue (D:4)
  5 gnolls (D:4)
  3 adders
  A shadow imp (D:5)
  2 worms
  4 orcs
  12 endoplasms
  A giant cockroach (D:1)
  7 hobgoblins
  8 jackals (D:2)
  6 kobolds
  3 quokkas
  7 ball pythons
  4 bats
  4 frilled lizards
  7 goblins
  8 rats
96 creatures vanquished.

Vanquished Creatures (others)
  3 fulminant prisms (D:4)
3 creatures vanquished.

Grand Total: 99 creatures vanquished

Notes
Turn   | Place    | Note
-------+----------+-------------------------------------------
     0 | D:1      | CrazyBamboolord the Djinni Conjurer began the quest for the
                  | Orb.
     0 | D:1      | CrazyBamboolord set off with the following spells
                  | memorised: Magic Dart, Searing Ray, Dazzling Flash,
                  | Fulminant Prism, Iskenderun's Mystic Blast.
     0 | D:1      | Reached XP level 1. HP: 15/15 MP: 0/0
   231 | D:1      | Reached XP level 2. HP: 17/21 MP: 0/0
   475 | D:1      | Reached XP level 3. HP: 25/25 MP: 0/0
   475 | D:1      | Learned a level 1 spell: Freeze
  1549 | D:2      | Reached XP level 4. HP: 25/31 MP: 0/0
  2120 | D:3      | Found a glowing silver altar of Zin.
  2120 | D:3      | Found a white marble altar of Elyvilon.
  2120 | D:3      | Found a glowing golden altar of the Shining One.
  2445 | D:4      | Noticed a charred statue
  2511 | D:4      | Noticed a scorpion
  2516 | D:4      | Killed a scorpion
  2517 | D:4      | Reached XP level 5. HP: 18/35 MP: 0/0
  2517 | D:4      | Learned a level 2 spell: Ensorcelled Hibernation
  2587 | D:4      | Killed a charred statue
  2679 | D:4      | Reached XP level 6. HP: 33/40 MP: 0/0
  2745 | D:4      | Noticed an ogre
  2751 | D:4      | Killed an ogre
  2752 | D:4      | Reached skill level 5 in Spellcasting
  2752 | D:4      | Reached skill level 5 in Conjurations
  2752 | D:4      | Reached skill level 5 in Hexes
  2752 | D:4      | Reached skill level 5 in Summonings
  2752 | D:4      | Reached skill level 5 in Necromancy
  2752 | D:4      | Reached skill level 5 in Translocations
  2752 | D:4      | Reached skill level 5 in Transmutations
  2752 | D:4      | Reached skill level 5 in Fire Magic
  2752 | D:4      | Reached skill level 5 in Ice Magic
  2752 | D:4      | Reached skill level 5 in Air Magic
  2752 | D:4      | Reached skill level 5 in Earth Magic
  2752 | D:4      | Reached skill level 5 in Poison Magic
  2843 | D:4      | Reached XP level 7. HP: 20/45 MP: 0/0
  2843 | D:4      | Learned a level 3 spell: Volatile Blastmotes
  3467 | D:5      | Entered Level 5 of the Dungeon
  3891 | D:5      | Reached XP level 8. HP: 20/51 MP: 0/0
  4346 | D:5      | Reached skill level 1 in Fighting
  4349 | D:5      | HP: 1/52 [shot self (5)]
  4350 | D:5      | Slain by an orc wizard

Illustrated notes

Levels and vault maps discovered:
D:1:      nicolae_arrival_somewhat_less_tricky_arrival, layout_basic,
          minmay_tetromino_o4
D:2:      layout_basic
D:3:      layout_rooms, good_gods_mini_temple
D:4:      layout_basic, vehumet_statue, dreamdust_gnoll_farm
D:5:      nicolae_cairo_tiling_large, layout_loops_ring,
          minmay_temple_entry_grid, serial_shops,
          nicolae_shop_pleasant_corner_grove, serial_glass, glass_columns_c,
          glass_columns_a, kennysheep_doodads, grunt_ministairs_6,
          minmay_fractal_squares_diagonal_5

Skill      XL: |  1  2  3  4  5  6  7  8 |
---------------+-------------------------+-----
Stealth        | 2 3 4 |  4.5
Dodging        | 3 |  3.6
Spellcasting   | 4 5 6 |  6.5
Conjurations   | 4 5 6 |  6.5
Hexes          | 4 5 6 |  6.5
Summonings     | 4 5 6 |  6.5
Necromancy     | 4 5 6 |  6.5
Translocations | 4 5 6 |  6.5
Transmutations | 4 5 6 |  6.5
Fire Magic     | 4 5 6 |  6.5
Ice Magic      | 4 5 6 |  6.5
Air Magic      | 4 5 6 |  6.5
Earth Magic    | 4 5 6 |  6.5
Poison Magic   | 4 5 6 |  6.5
Fighting       | 1 |  1.1

Action                     |  1- 3 |  4- 6 |  7- 9 || total
---------------------------+-------+-------+-------++-------
   Cast: Magic Dart        |    66 |    37 |    13 ||   116
         Searing Ray       |     4 |    13 |    11 ||    28
         Freeze            |       |     4 |       ||     4
         Fulminant Prism   |       |     3 |       ||     3
         Volatile Blastmot |       |       |    11 ||    11
    Use: Scroll            |       |     6 |       ||     6
 Armour: Robe              |     3 |     1 |     1 ||     5
  Dodge: Dodged            |     4 |    12 |    13 ||    29

Table legend: (Time is in decaauts)
 A = Elapsed time spent in this place.
 B = Non-inter-level travel time spent in this place.
 C = Inter-level travel time spent in this place.
 D = Time resting spent in this place.
 E = Time spent auto-exploring this place.
 F = Levels seen in this place.
 G = Mean time per level.
                   A        B        C        D        E       F      G
               +--------+--------+--------+--------+--------+-----+--------+
         Total |   4348 |   4229 |    119 |    247 |   3549 |   5 |  869.6 |
       Dungeon |   4348 |   4229 |    119 |    247 |   3549 |   5 |  869.6 |
               +--------+--------+--------+--------+--------+-----+--------+

Top non-repeatable levels by time:
     D:1: 1061 daAuts
     D:4: 1046 daAuts
     D:5: 882 daAuts
     D:2: 871 daAuts
     D:3: 486 daAuts
